 Dungeon Crawl Stone Soup version 0.23.2-40-g277498a001 (webtiles) character file.

Game seed: 4801949511486735760

94 Felnil the Skirmisher (level 4, -6/39 HPs)
             Began as a Mummy Fighter on Aug 13, 2019.
             Was a Plaything of Xom.
             Mangled by a raiju (shapeshifter) (8 damage)
             ... led by Robin
             ... on level 3 of the Dungeon.
             The game lasted 00:05:06 (1720 turns).

Felnil the Skirmisher (Mummy Fighter)               Turns: 1720, Time: 00:05:09

Health: -6/39      AC:  6    Str: 20    XL:     4   Next: 38%
Magic:  4/4        EV:  7    Int:  7    God:    Xom [..*...]
Gold:   48         SH:  9    Dex: 11    Spells: 3/3 levels left

rFire    x . .     SeeInvis .   a - +0 rapier
rCold    + . .     Gourm    .   c - +1 shield
rNeg     + + +     Faith    .   b - +0 scale mail
rPois    ∞         Spirit   .   (no helmet)
rElec    .         Reflect  .   (no cloak)
rCorr    .         Harm     +   (no gloves)
MR       .....                  (no boots)
Stlth    ..........             e - amulet of harm
HPRegen  0.13/turn              g - ring of attention (curse)
MPRegen  0.09/turn              (no ring)

@: no status effects
A: no food or potions, fire vulnerability, cold resistance 1, negative energy
resistance 3, torment resistance, unbreathing
a: Renounce Religion


You were on level 3 of the Dungeon.
You worshipped Xom.
You were a toy of Xom.
You were not hungry.

You visited 1 branch of the dungeon, and saw 3 of its levels.

You collected 48 gold pieces.

Inventory:

Hand Weapons
 a - a +0 rapier (weapon)
Missiles
 d - 4 tomahawks (quivered)
Armour
 b - a +0 scale mail (worn)
 c - a +1 shield (worn)
Jewellery
 e - an amulet of harm (around neck)
 g - a cursed ring of attention (left hand)


   Skills:
 + Level 5.2 Fighting
 - Level 1.5 Short Blades
 - Level 2.4 Armour
 - Level 2.4 Shields


You had 3 spell levels left.
You didn't know any spells.
Your spell library was empty.

Dungeon Overview and Level Annotations

Branches:
Dungeon (3/15)

Altars:
Xom

Annotations:
D:3 Robin


Innate Abilities, Weirdness & Mutations

You do not eat or drink.
Your flesh is vulnerable to fire.
You are immune to poison.
Your flesh is cold resistant. (rC+)
You are immune to negative energy. (rN+++)
You are immune to unholy pain and torment.
You can survive without breathing.


Message History

The goblin no longer looks unusually strong.
The hobgoblin hits you but does no damage.
You block the goblin's attack.
Robin roars a battlecry!
The goblins go into a battle-frenzy!
You block the goblin's attack. The hobgoblin hits you with a +0 club.
* * * LOW HITPOINT WARNING * * *
You hit the raiju but do no damage.
The raiju is severely wounded.
The goblin no longer looks unusually strong.
You block the goblin's attack.
Robin roars a battlecry!
The goblin goes into a battle-frenzy!
The goblin hits you with a +0 dagger.
* * * LOW HITPOINT WARNING * * *
The raiju bites you.
* * * LOW HITPOINT WARNING * * *
The raiju shocks you!
You die...
Xom thinks this is hilarious!

##+# ## ##...## ..
##.....## ?# #
##.......## g#g##(.
#........b###ggg....
+.........'h@ggg....
#.........###gZb....
#.......## g......
##.....## ..#.###
##...## ..# .. ##'##
... .. #.# .### #
#.# ?. ####.##


You could see a raiju shaped shifter, Robin, a hobgoblin, 8 goblins and a hound
skeleton.

Vanquished Creatures
  2 adders (D:2)
  A shadow imp (D:2)
  An ooze (D:1)
  2 worms
  A leopard gecko (D:2)
  4 giant cockroaches
  11 goblins
  6 hobgoblins
  8 kobolds
  A quokka (D:2)
  A ball python (D:2)
  10 bats
  2 frilled lizards (D:2)
  3 rats
53 creatures vanquished.

Notes
Turn   | Place    | Note
-------+----------+-------------------------------------------
     0 | D:1      | Felnil the Mummy Fighter began the quest for the Orb.
     0 | D:1      | Reached XP level 1. HP: 18/18 MP: 1/1
    48 | D:1      | Reached XP level 2. HP: 21/24 MP: 2/2
   217 | D:1      | Reached skill level 4 in Fighting
   309 | D:1      | Found a sacrificial altar of Ru.
   311 | D:1      | Found a glowing silver altar of Zin.
   311 | D:1      | Found a shimmering altar of Xom.
   313 | D:1      | Found a stormy altar of Qazlal.
   313 | D:1      | Found a shimmering altar of Xom.
   313 | D:1      | Found a sacrificial altar of Ru.
   343 | D:1      | Became a worshipper of Xom of Malicious Giggling
   599 | D:1      | XOM: silly message
   708 | D:2      | Reached XP level 3. HP: 29/30 MP: 3/3
   855 | D:1      | XOM: divination: detect creatures
  1044 | D:2      | XOM: noise
  1268 | D:2      | You fall through a shaft!
  1355 | D:2      | Reached XP level 4. HP: 38/38 MP: 4/4
  1370 | D:2      | Reached skill level 5 in Fighting
  1422 | D:2      | XOM: cloud trail
  1641 | D:2      | XOM: summons 1 hostile demon
  1652 | D:2      | XOM: noise
  1665 | D:2      | XOM: cloud trail
  1684 | D:3      | XOM: polymorph kobold -> giant cockroach
  1703 | D:3      | Noticed Robin
  1707 | D:3      | Noticed a shapeshifter
  1707 | D:3      | a goblin changed into a shapeshifter
  1708 | D:3      | Noticed a human
  1708 | D:3      | a shapeshifter changed into a human
  1718 | D:3      | XOM: butterfly on damage
  1719 | D:3      | Noticed a raiju
  1719 | D:3      | a human changed into a raiju
  1720 | D:3      | Mangled by a raiju (shapeshifter)

Skill      XL: |  1  2  3  4 |
---------------+-------------+-----
Fighting       | 4 5 |  5.2
Short Blades   | |  1.5
Armour         | |  2.4
Shields        | |  2.4

Action                   |  1- 3 |  4- 6 || total
-------------------------+-------+-------++-------
Melee: Rapier            |   161 |    78 ||   239
  Use: Scroll            |     3 |     1 ||     4
 Stab: Paralysed         |       |     1 ||     1
Armor: Scale mail        |    97 |    49 ||   146
Dodge: Dodged            |    64 |    32 ||    96
Block: Shield            |    93 |    59 ||   152
